 Dungeon Crawl Stone Soup version 0.27-a0-291-gd9602db6ee (webtiles) character file.

Game seed: 1470770846795098258

169 namelastname112 the Sneak (level 5, 0/47 HPs)
             Began as a Draconian Delver on Feb 9, 2021.
             Succumbed to an orc's poison
             ... on level 3 of the Dungeon.
             The game lasted 00:03:25 (2788 turns).

namelastname112 the Sneak (Draconian Delver)        Turns: 2788, Time: 00:03:25

Health: 0/47       AC: 10    Str: 14    XL:     5   Next: 25%
Magic:  5/5        EV: 13    Int: 11    God:
Gold:   123        SH:  0    Dex: 13    Spells: 4/4 levels left

rFire    . . .     SeeInvis .   a - +1 falchion
rCold    . . .     Faith    .   (no shield)
rNeg     . . .     Spirit   .   (armour unavailable)
rPois    .         Reflect  .   (helmet restricted)
rElec    .         Harm     .   r - +2 cloak {rCorr}
rCorr    +         Rampage  .   h - +1 pair of gloves
Will     .....                  (no boots)
Stlth    +++.......             (no amulet)
HPRegen  0.15/turn              (no ring)
MPRegen  0.09/turn              (no ring)

@: lethally poisoned (0 -> -1), berserk cooldown, attractive, slowed, very slow
A: unfitting armour, cold-blooded, AC +5
a: no special abilities


You were on level 3 of the Dungeon.
You visited 1 branch of the dungeon, and saw 5 of its levels.

You collected 123 gold pieces.

Inventory:

Hand Weapons
 a - a +1 falchion (weapon)
Armour
 h - a +1 pair of gloves (worn)
 r - a +2 cloak of preservation (worn)
Wands
 f - a wand of digging (3)
 o - a wand of random effects (20)
Scrolls
 b - 2 scrolls of fog
 c - a scroll of magic mapping
 d - 2 scrolls of fear
 l - 2 scrolls of enchant armour
 n - 2 scrolls of enchant weapon
 p - 2 scrolls of identify
Potions
 e - a potion of haste
 g - a potion of flight
 j - a potion of brilliance
 k - a potion of berserk rage


   Skills:
 + Level 4.3 Fighting
 + Level 3.1 Long Blades
 + Level 2.9 Dodging
 + Level 5.2 Stealth


You had 4 spell levels left.
You didn't know any spells.
Your spell library was empty.

Dungeon Overview and Level Annotations

Branches:
Dungeon (5/15)
 Temple: D:4-7

Altars:
Dithmenos
Nemelex Xobeh
Vehumet

Annotations:
D:5 Sigmund


Innate Abilities, Weirdness & Mutations

Your plain brown scales are hard. (AC +5)
You cannot fit into any form of body armour.
You are cold-blooded and may be slowed by cold attacks.


Message History

You feel yourself slow down! * * * don't die
* * * You feel sick!
Something hits you but does no damage!
You now have 1/47 hp!
It was a potion of magic!
Magic courses through your body! Something hits you but does no damage!
It was a potion of attraction!
You feel attractive to monsters!
You feel less confused! * * * don't die
* * * You feel sick!
Something hits you but does no damage!
You hear some strange, mumbled words!
Something tries to affect you, but you resist!
You closely miss something!
You hear some strange, mumbled words!
A magic dart appears from out of thin air!!!
The magic dart hits you but does no damage!
Something hits you but does no damage!
You closely miss something! Something hits you but does no damage!
You slice something but do no damage! You tail-slap something! rip

. .###### . #.....# ...
#..##.....# ..... ...
......# ....#
#.###.....# ....##
#####.##).†...# .....##
#.....##).....# ...#..#
#.....##{######
....#.###)...†##@#######
.......................#
#..####........##......#
....>...#.).....!)(....#
##..#####.....#†.†.....#
##......#[....###......#
###.##.#.....# #......#
..# #.....# #......# #.#
####### #......#


There were no monsters in sight!

Vanquished Creatures
  Natasha (twice) (D:2)
  5 adders
  3 oozes
  A worm (D:2)
  A dart slug (D:3)
  2 leopard geckos (D:1)
  4 orcs (D:3)
  A giant cockroach (D:3)
  6 goblins
  7 hobgoblins
  3 jackals (D:1)
  4 kobolds
  2 quokkas (D:2)
  4 bats
  4 frilled lizards
  4 rats
53 creatures vanquished.

Vanquished Creatures (others)
  Natasha (D:2)
  A worm (D:2)
2 creatures vanquished.

Grand Total: 55 creatures vanquished

Notes
Turn   | Place    | Note
-------+----------+-------------------------------------------
     0 | D:5      | namelastname112 the Draconian Delver began the quest for
                  | the Orb.
     0 | D:5      | Reached XP level 1. HP: 19/19 MP: 1/1
    17 | D:5      | Noticed Sigmund
    17 | D:5      | Noticed a worker ant
    27 | D:4      | Reached XP level 2. HP: 18/26 MP: 2/2
   654 | D:1      | Reached XP level 3. HP: 29/33 MP: 3/3
  1628 | D:2      | Found a shadowy altar of Dithmenos.
  1771 | D:2      | Found a sparkling altar of Nemelex Xobeh.
  1803 | D:2      | Found a radiant altar of Vehumet.
  1867 | D:2      | Noticed Natasha
  1884 | D:2      | Killed Natasha
  1885 | D:2      | Reached XP level 4. HP: 5/40 MP: 4/4
  1924 | D:2      | Noticed Natasha
  2191 | D:2      | Killed Natasha
  2216 | D:2      | Noticed Natasha
  2226 | D:2      | Killed Natasha
  2227 | D:2      | Reached skill level 5 in Stealth
  2702 | D:3      | Reached XP level 5. HP: 38/46 MP: 5/5
  2777 | D:3      | HP: 2/47 [something/magic dart (6)]
  2783 | D:3      | HP: 1/47 [poisoned by an orc]
  2788 | D:3      | Succumbed to an orc's poison

Illustrated notes

Levels and vault maps discovered:
D:1:      evilmike_arrival_hilbert_curve, layout_basic, minmay_misc_feat_cross
D:2:      layout_basic, fiery_altar_vehumet, lemuel_crystal_altar,
          nemelex_lonely_heart_becter, uniq_natasha
D:3:      layout_rooms, zin_treasury, minmay_misc_feat_five,
          minmay_ogre_servants
D:4:      layout_loops_ring
D:5:      layout_rooms, minmay_temple_entry_stoned_glass, serial_corexii_hall,
          corexii_hall_statues_l, corexii_hall_statues_s, kennysheep_donut,
          uniq_ijyb, uniq_sigmund

Skill      XL: |  1  2  3  4 |
---------------+-------------+-----
Dodging        | 2 |  2.9
Fighting       | 4 |  4.3
Stealth        | 5 |  5.2
Long Blades    | 3 |  3.1

Action                   |  1- 3 |  4- 6 || total
-------------------------+-------+-------++-------
Melee: Falchion          |    36 |    74 ||   110
       Mace              |    90 |       ||    90
       Tailslap          |    10 |    13 ||    23
  Use: Scroll            |     5 |     1 ||     6
       Potion            |     2 |     3 ||     5
 Stab: Sleeping          |    10 |     5 ||    15
       Distracted        |       |     1 ||     1
Armor: Skin              |    54 |    42 ||    96
Dodge: Dodged            |   101 |    45 ||   146
       Rpst.: Falchion   |    13 |    12 ||    25

Table legend: (Time is in decaauts)
 A = Elapsed time spent in this place.
 B = Non-inter-level travel time spent in this place.
 C = Inter-level travel time spent in this place.
 D = Time resting spent in this place.
 E = Time spent auto-exploring this place.
 F = Levels seen in this place.
 G = Mean time per level.
                   A        B        C        D        E       F      G
               +--------+--------+--------+--------+--------+-----+--------+
         Total |   2856 |   2748 |    108 |    766 |   1402 |   5 |  571.2 |
       Dungeon |   2856 |   2748 |    108 |    766 |   1402 |   5 |  571.2 |
               +--------+--------+--------+--------+--------+-----+--------+

Top non-repeatable levels by time:
     D:2: 1375 daAuts
     D:1: 1264 daAuts
     D:3: 181 daAuts
     D:5: 21 daAuts
     D:4: 13 daAuts
